 Dungeon Crawl Stone Soup version 0.29-a0-284-gf9362112df (webtiles) character file.

Game seed: 9240072422715725712

791 yunder69 the Cudgeller (level 7, -6/93 HPs)
             Began as a Deep Dwarf Berserker on Mar 22, 2022.
             Was an Initiate of Yredelemnul.
             Mangled by a polar bear (9 damage)
             ... created by the rage of Trog
             ... on level 5 of the Dungeon on Mar 23, 2022.
             The game lasted 00:27:41 (10780 turns).

yunder69 the Cudgeller (Deep Dwarf Berserker)      Turns: 10780, Time: 00:27:43

Health: -6/93      AC:  7    Str: 18 (22) XL:     7   Next: 57%
Magic:  0/0        EV: 11    Int:  8      God:    Yredelemnul [......]
Gold:   192        SH:  3    Dex: 12      Spells: 6/6 levels left

rFire   . . .      SeeInvis .   A - +0 long sword (vorpal)
rCold   . . .      Faith    .   m - +0 buckler
rNeg    . . .      Spirit   .   s - +1 ring mail
rPois   .          Reflect  .   b - +0 helmet
rElec   .          Harm     .   h - scarf {+Inv}
rCorr   .          Rampage  .   (no gloves)
Will    +....                   (no boots)
Stlth   ..........              C - amulet of the acrobat
HPRegen 0.00/turn               (no ring)
MPRegen 0.07/turn               (no ring)

@: berserking, hasted, very quick
A: damage resistance, heal wounds, sense surroundings 1, no regeneration
a: Heal Wounds, Renounce Religion, Evoke Invisibility, Recall Undead Harvest


You were on level 5 of the Dungeon.
You worshipped Yredelemnul.
Yredelemnul was noncommittal.
You visited 2 branches of the dungeon, and saw 6 of its levels.

You collected 192 gold pieces.

Inventory:

Hand Weapons
 g - a +0 scythe
 r - a +1 mace
 t - a +2 halberd of freezing
 u - a +0 dire flail
 x - a +3 hand axe
 A - a +0 vorpal long sword (weapon)
Missiles
 i - 123 stones
 q - 17 poisoned darts
Armour
 b - a +0 helmet (worn)
 h - a scarf of invisibility (worn)
 m - a +0 buckler (worn)
 s - a +1 ring mail (worn)
Jewellery
 C - an amulet of the acrobat (around neck)
Wands
 d - a wand of polymorph (1)
 n - a wand of flame (24)
 z - a wand of acid (1)
Scrolls
 a - a scroll of enchant weapon
 e - 3 scrolls of identify
 k - a scroll of enchant armour
 B - a scroll of immolation
Potions
 c - a potion of flight {unknown}
 f - 2 potions of berserk rage
 j - 3 potions of haste
 l - a potion of mutation {unknown}
 o - a potion of heal wounds {unknown}


   Skills:
 - Level 3.1 Fighting
 - Level 4.8(6.9) Axes
 * Level 7.1(7.7) Maces & Flails
 - Level 2.5 Armour
 - Level 3.1 Dodging
 - Level 1.1 Stealth


You had 6 spell levels left.
You didn't know any spells.
Your spell library contained the following spells:

 Spells                   Type           Power      Damage    Failure   Level
 Slow                     Hex            0%         N/A       71%         1
 Confusing Touch          Hex            0%         N/A       97%         3
 Vampiric Draining        Necr           0%         2d6       97%         3


Dungeon Overview and Level Annotations

Branches:
Dungeon (5/15)             Temple (1/1) D:4

Altars:
Cheibriados
Elyvilon
Gozag
Kikubaaqudgha
Okawaru
Qazlal
Ru
Sif Muna
Trog
Uskayaw
Vehumet
Xom
Yredelemnul


Innate Abilities, Weirdness & Mutations

You are resistant to damage.
You can heal yourself by infusing magical energy.
You passively map a small area around you.
You do not regenerate.


Message History

The polar bear closely misses you. The polar bear claws you.
The polar bear claws you but does no damage.
You hit the polar bear.
The polar bear is lightly wounded.
The polar bear bites you!
* * * LOW HITPOINT WARNING * * *
The polar bear barely misses you. The polar bear closely misses you.
The polar bear misses you.
The polar bear claws you but does no damage.
The polar bear closely misses you.
You hit the polar bear.
The polar bear is lightly wounded.
The polar bear misses you. The polar bear closely misses you.
The polar bear barely misses you.
The polar bear bites you but does no damage.
The polar bear closely misses you. The polar bear barely misses you.
The polar bear closely misses you. x2; The polar bear claws you.
* * * LOW HITPOINT WARNING * * *
The polar bear bites you!
* * * LOW HITPOINT WARNING * * *
The polar bear barely misses you. You block the polar bear's attack.
You barely miss the polar bear.
The polar bear is lightly wounded.
The polar bear bites you.
* * * LOW HITPOINT WARNING * * *
The polar bear claws you.
* * * LOW HITPOINT WARNING * * *
The polar bear claws you but does no damage.
The polar bear closely misses you. The polar bear claws you.
The polar bear misses you.
You are too berserk!
You are too berserk!
You completely miss the polar bear.
The polar bear is lightly wounded.
The polar bear rages.
The polar bear closely misses you. x2
The polar bear claws you but does no damage.
The polar bear bites you!
You die...
Your body rises from the dead as a mindless zombie.

, * , * , * * * *
, * ,,#### *,* .)#
** *#h# * * #@# ,
, , , , #h# , ,
#h# , * * #.#### *
* * ,* #....# , *
, ###..# ##..# .
#.####...#######.#
#..........>.....#


You could see 3 polar bears.

Vanquished Creatures
  Sigmund (D:5)
  A kobold brigand (D:4)
  3 wights (D:4)
  2 jellies
  A hound (D:4)
  2 iguanas
  7 adders
  An iguana zombie (D:5)
  4 worms
  4 dart slugs
  3 orcs (D:3)
  2 bats
  8 endoplasms
  8 giant cockroaches
  5 goblins
  5 hobgoblins
  9 jackals
  12 kobolds
  A quokka (D:4)
  7 ball pythons
  5 frilled lizards
  8 rats
99 creatures vanquished.

Vanquished Creatures (collateral kills)
  A sky beast (D:5)
1 creature vanquished.

Vanquished Creatures (others)
  A sky beast zombie (D:5)
1 creature vanquished.

Grand Total: 101 creatures vanquished

Notes
Turn   | Place    | Note
-------+----------+-------------------------------------------
     0 | D:1      | yunder69 the Deep Dwarf Berserker began the quest for the
                  | Orb.
     0 | D:1      | Reached XP level 1. HP: 20/20 MP: 1/1
  2122 | D:1      | Reached XP level 2. HP: 20/27 MP: 2/2
  2248 | D:1      | Found a faded altar of an unknown god.
  2293 | D:1      | Reached XP level 3. HP: 34/34 MP: 2/2
  2732 | D:2      | Reached skill level 1 in Stealth
  2886 | D:2      | Reached XP level 4. HP: 39/42 MP: 3/3
  2978 | D:2      | Reached ** piety under Trog
  3514 | D:3      | Reached skill level 1 in Maces & Flails
  3760 | D:3      | Reached XP level 5. HP: 41/49 MP: 4/4
  3994 | D:3      | Reached skill level 2 in Maces & Flails
  4234 | D:4      | Found a sacrificial altar of Ru.
  4315 | D:4      | Reached *** piety under Trog
  4389 | D:4      | Reached skill level 3 in Maces & Flails
  4493 | D:4      | Reached XP level 6. HP: 42/56 MP: 4/4
  4500 | D:4      | Reached skill level 4 in Maces & Flails
  4537 | D:4      | Found a staircase to the Ecumenical Temple.
  4550 | D:4      | Reached skill level 5 in Maces & Flails
  4682 | Temple   | Entered the Ecumenical Temple
  4756 | Temple   | Fell from the grace of Trog
  4756 | Temple   | Became a worshipper of Yredelemnul the Dark
  9682 | Temple   | Glimpsed the power of Zot.
 10508 | D:5      | Entered Level 5 of the Dungeon
 10508 | D:5      | Noticed a sky beast
 10526 | D:5      | Reached XP level 7. HP: 9/47 MP: 1/1
 10535 | D:5      | Reached * piety under Yredelemnul
 10535 | D:5      | Reached skill level 6 in Maces & Flails
 10554 | D:5      | Noticed Sigmund
 10588 | D:5      | Killed Sigmund
 10589 | D:5      | Reached skill level 7 in Maces & Flails
 10775 | D:5      | Noticed a polar bear
 10775 | D:5      | Noticed a polar bear
 10775 | D:5      | Noticed a polar bear
 10779 | D:5      | HP: 4/93 [polar bear[the rage of Trog] (1)]
 10780 | D:5      | Mangled by a polar bear

Illustrated notes

Levels and vault maps discovered:
D:1:      matt_arrival_refuge, layout_rooms, chequers_ecumenical_altar_island,
          minmay_close_crescents
D:2:      layout_basic
D:3:      layout_basic, st_stairs_5, roderic_lattice_a
D:4:      layout_rooms, amcnicky_altar_gilded, minmay_temple_entry_butterflies
D:5:      minmay_octagon_keep, layout_loops_ring, uniq_sigmund
Temple:   hc_temple_tempest_star

Skill      XL: |  1  2  3  4  5  6  7 |
---------------+----------------------+-----
Fighting       | 3 |  3.1
Stealth        | 1 |  1.1
Axes           | 4 |  4.8
Dodging        | 3 |  3.1
Maces & Flails | 1 3 5 7 |  7.1
Armour         | |  2.5

Action                   |  1- 3 |  4- 6 |  7- 9 || total
-------------------------+-------+-------+-------++-------
Melee: Hand axe          |   113 |    54 |       ||   167
       Punch             |     1 |     1 |       ||     2
       Mace              |       |   178 |       ||   178
       Long sword        |       |    13 |    18 ||    31
Throw: Dart              |       |     3 |     5 ||     8
       Stone             |       |     2 |       ||     2
Invok: Berserk           |     1 |     2 |       ||     3
       Trog's Hand       |       |     1 |       ||     1
 Abil: Heal Wounds       |     3 |    15 |     2 ||    20
       Evoke Invisibilit |       |     1 |       ||     1
Evoke: Wand              |       |     1 |     5 ||     6
  Use: Scroll            |     1 |     7 |       ||     8
       Potion            |       |     2 |     3 ||     5
 Stab: Sleeping          |       |     1 |       ||     1
Armor: Leather armour    |    20 |    19 |       ||    39
       Animal skin       |     1 |       |       ||     1
       Ring mail         |       |    90 |     8 ||    98
       Skin              |       |       |     2 ||     2
Dodge: Dodged            |    70 |   169 |    19 ||   258
Block: Buckler           |       |    18 |     5 ||    23

Table legend: (Time is in decaauts)
 A = Elapsed time spent in this place.
 B = Non-inter-level travel time spent in this place.
 C = Inter-level travel time spent in this place.
 D = Time resting spent in this place.
 E = Time spent auto-exploring this place.
 F = Levels seen in this place.
 G = Mean time per level.
                   A        B        C        D        E       F      G
               +--------+--------+--------+--------+--------+-----+--------+
         Total |  10862 |  10143 |    719 |   6576 |   1548 |   6 | 1810.3 |
       Dungeon |   5858 |   5265 |    593 |   1967 |   1548 |   5 | 1171.6 |
        Temple |   5003 |   4877 |    126 |   4609 |      0 |   1 | 5003.0 |
               +--------+--------+--------+--------+--------+-----+--------+

Top non-repeatable levels by time:
  Temple: 5003 daAuts
     D:1: 2628 daAuts
     D:4: 1296 daAuts
     D:3: 889 daAuts
     D:2: 758 daAuts
     D:5: 284 daAuts
